 Dungeon Crawl Stone Soup version 0.19-a0-1851-g3228ea0 (webtiles) character file.

70 Alarkh the Firebug (level 4, -11/30 HPs)
             Began as a Mummy Fire Elementalist on Oct 10, 2016.
             Mangled by an ogre
             ... wielding a +0 giant club
              (15 damage)
             ... on level 3 of the Dungeon.
             The game lasted 00:04:36 (1983 turns).

Alarkh the Firebug (Mummy Fire Elementalist)        Turns: 1983, Time: 00:04:36

Health: -11/30     AC:  4    Str: 11    XL:     4   Next: 4%
Magic:  2/8        EV: 12    Int: 15    God:
Gold:   102        SH:  0    Dex: 12    Spells: 1 memorised, 7 levels left

rFire  x . .     SeeInvis +     g - +0 dagger
rCold  + . .     Gourm    .     a - +1 robe
rNeg   + + +     Faith    .     (no shield)
rPois  ∞         Spirit   .     (no helmet)
rElec  .         Dismiss  .     (no cloak)
rCorr  .         Reflect  .     (no gloves)
MR     .....     Harm     .     m - +0 pair of boots
Stlth  ++........               (no amulet)
                                (no ring)
                                e - ring of see invisible

@: very slightly contaminated
A: no food or potions, fire vulnerability, cold resistance 1, negative energy
resistance 3, torment resistance, unbreathing
a: no special abilities


You were on level 3 of the Dungeon.
You were not hungry.

You visited 1 branch of the dungeon, and saw 4 of its levels.

You collected 102 gold pieces.

Inventory:

Hand Weapons
 g - a +0 dagger (weapon)
Armour
 a - a +1 robe (worn)
 m - a +0 pair of boots (worn)
Jewellery
 e - a ring of see invisible (left hand)
Scrolls
 c - a scroll of enchant armour
 d - a scroll of fog {unknown}
 f - 2 scrolls of remove curse
 h - 2 scrolls of identify {unknown}
 i - a scroll of teleportation {unknown}
 j - a scroll of random uselessness {unknown}
 k - a scroll of magic mapping {unknown}
 l - a scroll of noise {unknown}
Books
 b - a book of Flames

   Spells                             Type                      Level
   a - Flame Tongue                   Conjuration/Fire             1
   b - Throw Flame                    Conjuration/Fire             2
   c - Conjure Flame                  Conjuration/Fire             3
   d - Inner Flame                    Hexes/Fire                   3
   e - Sticky Flame                   Conjuration/Fire             4
   f - Fireball                       Conjuration/Fire             5


   Skills:
 - Level 1.5 Dodging
 - Level 1.5 Stealth
 + Level 2.7 Spellcasting
 + Level 1.8 Conjurations
 + Level 3.1 Fire Magic


You had 7 spell levels left.
You knew the following spells:

 Your Spells              Type           Power        Failure   Level  Hunger
a - Flame Tongue          Conj/Fire      #....        10%         1    N/A

Dungeon Overview and Level Annotations

Branches:
Dungeon (4/15)
 Temple: D:4-7

Altars:
Zin

Shops:
D:3 *

Annotations:
D:4 Edmund


Innate Abilities, Weirdness & Mutations

You do not eat or drink.
Your flesh is vulnerable to fire.
You are immune to poison.
Your flesh is cold resistant. (rC+)
You are immune to negative energy. (rN+++)
You are immune to unholy pain and torment.
You can survive without breathing.


Message History

The ogre is heavily wounded.
Casting: Flame Tongue
Confirm with . or Enter, or press ? or * to list all spells.
Aiming: Flame Tongue
Press: ? - help, Shift-Dir - straight line, f/p - ogre
Aim: an ogre, wielding a giant club (heavily wounded)
You miscast Flame Tongue.
You are very lightly contaminated with residual magic.
You hear a sizzling sound.
The ogre hits you with a giant club!!
Ouch! That really hurt!
* * * LOW HITPOINT WARNING * * *
Casting: Flame Tongue
Confirm with . or Enter, or press ? or * to list all spells.
Aiming: Flame Tongue
Press: ? - help, Shift-Dir - straight line, f/p - ogre
Aim: an ogre, wielding a giant club (heavily wounded)
The flame tongue misses the ogre.
The ogre hits you with a giant club!
Ouch! That really hurt!
You die...

#.....O...O..##.#.#####.....#####
..#...######.##.#.######........#
###...# #..........#########.#
#.†.# ####..###..# #.. #...#
###..###..# ### #...# #......#..#
#†..# #.#....#..######
###...#######.#.O..........#
..............##@..........#
.......)......##...........# #
.............###...###.....# #
###...#########.#...##.....# #
#...# ##.#.....########## # #...#
#.#.......##.)....# # #...#
##.#...<.###.####.# #...
##.#...####.####.#
##............#.###


You could see an ogre.

Vanquished Creatures
  2 gnolls (D:3)
  An ooze (D:1)
  2 dart slugs (D:1)
  A leopard gecko (D:2)
  A ball python (D:3)
  2 giant cockroaches
  5 goblins
  6 hobgoblins
  6 jackals
  3 bats (D:1)
  4 frilled lizards
  3 kobolds
  3 rats
39 creatures vanquished.

Notes
Turn   | Place    | Note
-------+----------+-------------------------------------------
     0 | D:1      | Alarkh the Mummy Fire Elementalist began the quest for the Orb.
     0 | D:1      | Reached XP level 1. HP: 13/13 MP: 3/3
    88 | D:1      | Reached skill level 1 in Conjurations
   186 | D:1      | Reached XP level 2. HP: 12/19 MP: 1/5
   745 | D:2      | Reached XP level 3. HP: 22/24 MP: 0/6
   746 | D:2      | You fall through a shaft for 2 floors!
   746 | D:4      | Noticed Edmund
  1017 | D:3      | Found Zin's Purification Station.
  1018 | D:3      | Found a glowing silver altar of Zin.
  1076 | D:3      | Reached skill level 3 in Fire Magic
  1834 | D:2      | Reached XP level 4. HP: 30/30 MP: 5/8
  1956 | D:3      | Noticed an ogre
  1983 | D:3      | Mangled by an ogre

Vault maps used:
D:1:      dpeg_arrival_renting, serial_curves, eino_curves_04, eino_curves_01,
          eino_curves_01, kennysheep_decorative_pillar
D:2:      first_bread
D:3:      zin_purify, hangedman_decor_diamond_cutter
D:4:      uniq_natasha, uniq_crazy_yiuf_cottage, uniq_edmund

Skill      XL: |  1  2  3 |
---------------+----------+-----
Conjurations   | 1 |  1.8
Fire Magic     | 3 |  3.1
Dodging        | |  1.5
Stealth        | |  1.5
Spellcasting   | |  2.7

Action                   |  1- 3 |  4- 6 || total
-------------------------+-------+-------++-------
Melee: Unarmed           |    13 |       ||    13
       Dagger            |    22 |       ||    22
 Cast: Flame Tongue      |    61 |     9 ||    70
  Use: Scroll            |     2 |       ||     2
Armor: Robe              |    20 |       ||    20
Dodge: Dodged            |    52 |     1 ||    53
